 Dungeon Crawl Stone Soup version 0.30.0 (webtiles) character file.

Game seed: 6857972298551531771

4453 Beyam the Nimble (level 10, -15/46 HPs)
             Began as a Spriggan Hunter on July 7, 2023.
             Was a Priest of Okawaru.
             Killed by the air
             ... invoked by Gastronok
              (29 damage)
             ... on level 9 of the Dungeon.
             The game lasted 00:16:22 (10157 turns).

Beyam the Nimble (Spriggan Hunter)                 Turns: 10157, Time: 00:16:22

Health: -15/46     AC:  2    Str:  7    XL:     10   Next: 15%
Magic:  15/16      EV: 33    Int: 12    God:    Okawaru [***...]
Gold:   454        SH:  0    Dex: 22    Spells: 8/9 levels left

rFire   + . .        a - +1 shortbow
rCold   + . .        (shield currently unavailable)
rNeg    . . .        c - +0 robe
rPois   .            (helmet restricted)
rElec   .            r - scarf {rC+ rF+}
rCorr   .            (gloves unavailable)
SInv    +            (boots unavailable)
Will    +....        (no amulet)
Stlth   ++++         l - ring of flight
HPRegen 0.27/turn    (no ring)
MPRegen 0.15/turn

%: no passive effects
@: heroic, flying, very quick
A: very small, no large weapons, unfitting armour, see invisible, speed 3
a: Renounce Religion, Heroism


You were on level 9 of the Dungeon.
You worshipped Okawaru.
Okawaru was most pleased with you.
You visited 1 branch of the dungeon, and saw 9 of its levels.

You collected 454 gold pieces.

Inventory:

Hand Weapons
 a - a +1 shortbow (weapon)
Missiles
 y - 3 throwing nets
Armour
 c - a +0 robe (worn)
 i - a +0 cloak
 r - a scarf of resistance (worn)
Jewellery
 f - a ring of ice
 l - a ring of flight (left hand)
 o - a ring of ice
 x - a ring of ice
Wands
 s - a wand of acid (12)
 w - a wand of roots (11)
 A - a wand of flame (9)
Scrolls
 b - 4 scrolls of immolation
 m - 2 scrolls of teleportation
 t - 2 scrolls of enchant weapon
 u - a scroll of fear
 v - a scroll of enchant armour {unknown}
 z - a scroll of amnesia {unknown}
Potions
 d - a potion of invisibility {unknown}
 e - 3 potions of heal wounds
 g - 2 potions of ambrosia
 h - 3 potions of haste
 j - 3 potions of curing
 k - 2 potions of brilliance
 n - 3 potions of mutation
 p - a potion of might {unknown}
 q - 2 potions of lignification {unknown}
 B - a potion of magic {unknown}


   Skills:
 - Level 1.5(6.5) Fighting
 + Level 11.0(16.0) Ranged Weapons
 + Level 11.2(16.2) Dodging
 - Level 1.5(6.5) Stealth
 - Level 6.7 Invocations


You had 8 spell levels left.
You knew the following spells:

 Your Spells              Type           Power      Damage    Failure   Level
a - Necrotise             Necr           0%         1d4       32%         1

Your spell library contained the following spells:

 Spells                   Type           Power      Damage    Failure   Level
 Static Discharge         Conj/Air       0%         2-2/arc   45%         2
 Vampiric Draining        Necr           0%         2d6       69%         3
 Airstrike                Air            0%         2d(0-16)  97%         4
 Agony                    Necr           0%         N/A       100%        5
 Summon Lightning Spire   Summ/Air       Unusable   N/A       N/A         4

Dungeon Overview and Level Annotations

Branches:
Dungeon (9/15)             Temple (0/1) D:7
   Lair: D:8-11         Orc: D:9-12

Altars:
Cheibriados
Elyvilon
Fedhas
Kikubaaqudgha
Okawaru
Qazlal
Vehumet
Wu Jian
Zin

Annotations:
D:9 Gastronok


Innate Abilities, Weirdness & Mutations

You are very small and have problems with some larger weapons.
You are too small for most types of armour.
You have supernaturally acute eyesight. (SInv)
You cover ground extremely quickly. (Speed+++)


Message History

You are too injured to fight recklessly!
You are too injured to fight recklessly!
You are too injured to fight recklessly!
You are too injured to fight recklessly!
You are too injured to fight recklessly!
You are too injured to fight recklessly!
You are too injured to fight recklessly!
You are too injured to fight recklessly!
You are too injured to fight recklessly!
You are too injured to fight recklessly!
You are too injured to fight recklessly!
You are too injured to fight recklessly!
You are too injured to fight recklessly!
You are too injured to fight recklessly!
You are too injured to fight recklessly!
You are too injured to fight recklessly!
You are too injured to fight recklessly!
You are too injured to fight recklessly!
You are too injured to fight recklessly!
You are too injured to fight recklessly!
You are too injured to fight recklessly!
Fire: a) +1 shortbow
Press: ? - help, Q - select action, (/) - cycle Shift-Dir - straight line, f/p - Gastronok
Aim: Gastronok, wearing a +0 hat (heavily wounded, 95% to hit)
You shoot an arrow. The arrow hits Gastronok!
Gastronok is heavily wounded.
Fire: a) +1 shortbow
Press: ? - help, Q - select action, (/) - cycle Shift-Dir - straight line, f/p - Gastronok
Aim: Gastronok, wearing a +0 hat (heavily wounded, 95% to hit)
You shoot an arrow. The arrow hits Gastronok.
Gastronok is severely wounded.
Fire: a) +1 shortbow
Press: ? - help, Q - select action, (/) - cycle Shift-Dir - straight line, f/p - Gastronok
Aim: Gastronok, wearing a +0 hat (severely wounded, 95% to hit)
You shoot an arrow. The arrow hits Gastronok!
Gastronok is severely wounded.
Gastronok waves his eye-stalks in wide circles.
The air twists around and strikes you!!
Ouch! That really hurt!
You die...

#..+............#
#..#.............
#..#............
#..#...........
#..#.......###
########..#.......#
..........#.......#
..........###+###
#####....@.......
#............
#............
#........w...
#.##+##+##+#. #. #.


You could see Gastronok.

Vanquished Creatures
  Sigmund (D:5)
  A wyvern (D:8)
  3 steam dragons
  Menkaure (D:7)
  Edmund (D:4)
  2 water moccasins
  Duvessa (D:7)
  An ice beast (D:7)
  4 black bears
  An ogre (D:6)
  A sky beast (D:6)
  3 centaurs (D:8)
  2 phantoms
  A kobold brigand (D:9)
  A bullfrog (D:7)
  A gnoll sergeant (D:7)
  7 scorpions
  8 wights
  Dowan (D:7)
  2 howler monkeys
  3 gnoll boudas
  An orc priest (D:3)
  Crazy Yiuf (D:7)
  3 hounds
  4 jellies
  2 sleepcaps
  5 iguanas
  5 orc wizards
  18 gnolls
  9 adders
  A shadow imp (D:7)
  A white imp (D:6)
  An ufetubus (D:5)
  5 worms
  A dart slug (D:2)
  20 orcs
  7 bats
  9 endoplasms
  2 giant cockroaches
  8 goblins
  10 hobgoblins
  6 jackals
  6 quokkas
  3 ball pythons
  6 frilled lizards
  11 kobolds
  3 rats
  3 rat zombies (D:7)
197 creatures vanquished.

Vanquished Creatures (others)
  A gnoll (D:8)
1 creature vanquished.

Grand Total: 198 creatures vanquished

Notes
Turn   | Place    | Note
-------+----------+-------------------------------------------
     0 | D:1      | Beyam the Spriggan Hunter began the quest for the Orb.
     0 | D:1      | Reached XP level 1. HP: 10/10 MP: 2/2
   142 | D:1      | Reached XP level 2. HP: 14/14 MP: 3/3
   951 | D:2      | Reached XP level 3. HP: 18/18 MP: 4/4
  1000 | D:2      | You fall into a shaft and drop 1 floor!
  1010 | D:3      | Reached skill level 5 in Ranged Weapons
  1012 | D:3      | Found an iron altar of Okawaru.
  1056 | D:3      | Became a worshipper of Warmaster Okawaru
  1435 | D:2      | Reached XP level 4. HP: 22/22 MP: 5/5
  2103 | D:3      | Reached XP level 5. HP: 25/25 MP: 6/6
  2118 | D:3      | Reached * piety under Okawaru
  2765 | D:4      | Found a blossoming altar of Fedhas.
  2766 | D:4      | Noticed a black bear
  2779 | D:4      | Killed a black bear
  2780 | D:4      | Reached XP level 6. HP: 30/30 MP: 7/7
  3016 | D:4      | Reached skill level 1 in Invocations
  3221 | D:4      | Reached XP level 7. HP: 32/33 MP: 7/9
  3378 | D:4      | Noticed Edmund
  3413 | D:4      | Killed Edmund
  3413 | D:4      | Reached ** piety under Okawaru
  3414 | D:4      | Reached skill level 5 in Dodging
  3459 | D:4      | Found a glowing silver altar of Zin.
  3490 | D:5      | Entered Level 5 of the Dungeon
  3936 | D:5      | Noticed Sigmund
  4500 | D:5      | Reached XP level 8. HP: 37/37 MP: 11/11
  4773 | D:5      | Learned a level 1 spell: Necrotise
  5095 | D:5      | Killed Sigmund
  5365 | D:6      | Reached skill level 5 in Invocations
  5753 | D:6      | Reached *** piety under Okawaru
  5988 | D:6      | Reached XP level 9. HP: 26/41 MP: 14/14
  6731 | D:6      | Found an ornate altar of the Wu Jian Council.
  6734 | D:6      | Found a snail-covered altar of Cheibriados.
  6734 | D:6      | Found a stormy altar of Qazlal.
  6747 | D:6      | Found a radiant altar of Vehumet.
  6750 | D:6      | Found a white marble altar of Elyvilon.
  7448 | D:7      | Found a runed translucent door.
  7449 | D:7      | Noticed Crazy Yiuf
  7601 | D:7      | Found an ancient bone altar of Kikubaaqudgha.
  7709 | D:7      | Reached skill level 10 in Ranged Weapons
  7755 | D:7      | Noticed Dowan
  7764 | D:7      | Killed Dowan
  7765 | D:7      | Noticed Duvessa
  7776 | D:7      | Killed Duvessa
  7978 | D:7      | Found a staircase to the Ecumenical Temple.
  8123 | D:7      | Reached skill level 10 in Dodging
  8388 | D:7      | Noticed Menkaure
  8397 | D:7      | Killed Menkaure
  8538 | D:7      | Killed Crazy Yiuf
  8538 | D:7      | Reached **** piety under Okawaru
  8731 | D:8      | HP: 2/41 [wyvern (4)]
  9378 | D:8      | Reached XP level 10. HP: 22/46 MP: 13/16
 10141 | D:9      | Noticed Gastronok
 10157 | D:9      | Killed from afar by Gastronok

Illustrated notes

Levels and vault maps discovered:
D:1:      beargit_arrival_greenhouse, layout_loops_ring, item_on_display_a
D:2:      layout_loops_corners
D:3:      layout_rooms, kennysheep_okawaru_gauntlet
D:4:      minmay_chambers_of_fours, layout_loops_ring,
          mainiacjoe_overflow_alcove_2, amcnicky_altar_gilded,
          columned_hall_lemuel, uniq_edmund
D:5:      layout_basic, minmay_bent, uniq_sigmund
D:6:      layout_layer_cave, minmay_overflow_temple_star_hex, hellmonk_no_cap
D:7:      layout_loops_ring, lemuel_zombie_altar_kikubaaqudgha,
          minmay_temple_entry_drinking_statues, uniq_crazy_yiuf_cottage,
          uniq_duvessa, uniq_menkaure
D:8:      layout_loops_ring, grunt_ministairs_14
D:9:      layout_irregular_city, enter_bailey_3, gammafunk_ghost_icy,
          uniq_gastronok

Skill      XL: |  1  2  3  4  5  6  7  8  9 10 |
---------------+-------------------------------+-----
Dodging        | 3 4 6 8 10 11 | 11.2
Ranged Weapons | 5 6 7 8 9 10 11 | 11.0
Invocations    | 1 3 5 6 |  6.7
Fighting       | |  1.5
Stealth        | |  1.5

Action                     |  1- 3 |  4- 6 |  7- 9 | 10-12 || total
---------------------------+-------+-------+-------+-------++-------
   Fire: Shortbow          |   108 |   147 |   513 |    69 ||   837
 Invoke: Heroism           |       |       |    10 |     2 ||    12
    Use: Scroll            |     3 |       |    10 |       ||    13
 Armour: Robe              |     4 |     3 |    13 |       ||    20
  Dodge: Dodged            |    25 |    27 |   247 |    21 ||   320
